 Dungeon Crawl Stone Soup version 0.28-a0-1033-g1a2f33fa85 (webtiles) character file.

Game seed: 4154779765396470273

199 siradein the Covered (level 5, -5/47 HPs)
             Began as a Minotaur Fighter on Dec 8, 2021.
             Slain by an ogre (14 damage)
             ... on level 4 of the Dungeon.
             The game lasted 00:05:23 (3879 turns).

siradein the Covered (Minotaur Fighter)             Turns: 3879, Time: 00:05:24

Health: -5/47      AC:  8    Str: 23    XL:     5   Next: 48%
Magic:  4/4        EV:  9    Int:  5    God:
Gold:   104        SH:  4    Dex:  9    Spells: 4/4 levels left

rFire   . . .      SeeInvis .   a - +0 flail
rCold   . . .      Faith    .   c - +0 buckler
rNeg    . . .      Spirit   .   b - +0 scale mail
rPois   .          Reflect  .   (helmet restricted)
rElec   .          Harm     .   (no cloak)
rCorr   .          Rampage  .   j - +0 pair of gloves
Will    .....                   (no boots)
Stlth   ..........              (no amulet)
HPRegen 0.15/turn               (no ring)
MPRegen 0.09/turn               (no ring)

@: no status effects
A: horns 2, retaliatory headbutt
a: no special abilities


You were on level 4 of the Dungeon.
You visited 1 branch of the dungeon, and saw 4 of its levels.
You also visited: Sewer.

You collected 104 gold pieces.

Inventory:

Hand Weapons
 a - a +0 flail (weapon)
Armour
 b - a +0 scale mail (worn)
 c - a +0 buckler (worn)
 j - a +0 pair of gloves (worn)
Scrolls
 e - 2 scrolls of enchant armour {unknown}
 f - a scroll of magic mapping {unknown}
 g - 2 scrolls of immolation {unknown}
 i - a scroll of teleportation {unknown}
 l - a scroll of holy word {unknown}
 n - a scroll of noise {unknown}
 o - 2 scrolls of fog {unknown}
 p - a scroll of identify {unknown}
 u - a scroll of blinking {unknown}
Potions
 d - 2 potions of might
 h - 3 potions of cancellation {unknown}
 k - 3 potions of curing {unknown}
 m - 5 potions of mutation {unknown}
 q - a potion of haste {unknown}
 r - a potion of invisibility {unknown}
 s - 3 potions of magic {unknown}
 t - 3 potions of resistance {unknown}
 v - 2 potions of brilliance {unknown}


   Skills:
 + Level 4.7 Fighting
 + Level 4.0 Maces & Flails
 + Level 5.0 Armour
 + Level 4.8 Shields


You had 4 spell levels left.
You didn't know any spells.
Your spell library contained the following spells:

 Spells                   Type           Power      Damage    Failure   Level
 Magic Dart               Conj           0%         1d3       77%         1
 Call Imp                 Summ           0%         N/A       88%         2
 Mephitic Cloud           Conj/Pois/Air  0%         N/A       98%         3


Dungeon Overview and Level Annotations

Branches:
Dungeon (4/15)              Sewer (visited)
 Temple: D:4-7

Altars:


Innate Abilities, Weirdness & Mutations

You have a pair of horns on your head.
You reflexively headbutt those who attack you in melee.


Message History

You feel very sick.
You feel sick.
You feel sick.
You feel sick.
You feel sick.
You feel sick.
You feel sick.
You are no longer poisoned.
v - 2 puce potions (gained 1)
You see here an adder corpse.
Found a dagger.
Found a stone staircase leading down.
Found 23 arrows.
You now have 104 gold pieces (gained 12).
A goblin comes into view. It is wielding a +0 dagger.
Found a golden potion.
The goblin shouts!
You hear a shout!
An ogre comes into view. It is wielding a +0 giant club.
You sock the goblin!
You kill the goblin!
You see here a +0 dagger.
Found a stone staircase leading up.
You hit the ogre.
The ogre is lightly wounded.
The ogre hits you with a +0 giant club!
You completely miss the ogre.
The ogre is lightly wounded.
The ogre hits you with a +0 giant club!!
You are too injured to fight recklessly!
You are too injured to fight recklessly!
You see here a +0 dagger.
You barely miss the ogre. You headbutt the ogre!
The ogre is heavily wounded.
The ogre hits you with a +0 giant club!
* * * LOW HITPOINT WARNING * * *
You thump the ogre!
You headbutt the ogre, but do no damage.
The ogre is severely wounded.
The ogre hits you with a +0 giant club!
You die...

##.###†.#..##....##.#
#.....#..##........
#.....#........##.#
###
#...###.###....##.#
≈≈##≈..# #.#
#........ #≈#≈≈.# #.#
#....##.# #≈≈≈≈.# #.#
#........ ###≈O.###.#
#....####
#≈@.....####.#.####
#..................
#...########.).....
#..## #.###### ####
#.# # #.# # ###


You could see an ogre.

Vanquished Creatures
  A jelly (D:4)
  3 adders
  3 river rats
  An adder skeleton (D:4)
  3 worms
  2 dart slugs (D:2)
  12 ball pythons
  4 endoplasms
  5 giant cockroaches
  7 goblins
  5 hobgoblins
  4 quokkas
  4 bats
  6 frilled lizards
  20 kobolds
  25 rats
105 creatures vanquished.

Vanquished Creatures (others)
  2 demonic plants (D:1)
  A withered plant (D:1)
3 creatures vanquished.

Grand Total: 108 creatures vanquished

Notes
Turn   | Place    | Note
-------+----------+-------------------------------------------
     0 | D:1      | siradein the Minotaur Fighter began the quest for the Orb.
     0 | D:1      | Reached XP level 1. HP: 19/19 MP: 0/0
    39 | D:1      | Found a faded altar of an unknown god.
   319 | D:1      | Reached XP level 2. HP: 27/27 MP: 1/1
   766 | D:2      | Reached skill level 4 in Armour
  1156 | D:2      | Reached XP level 3. HP: 31/33 MP: 2/2
  1950 | D:3      | Reached XP level 4. HP: 31/40 MP: 3/3
  1968 | D:3      | Found a glowing drain.
  2149 | Sewer    | Entered a sewer
  2688 | Sewer    | Reached XP level 5. HP: 32/47 MP: 4/4
  3695 | D:4      | Reached skill level 5 in Armour
  3849 | D:4      | Noticed an ogre
  3879 | D:4      | Slain by an ogre

Illustrated notes

Levels and vault maps discovered:
D:1:      mrwooster_arrival_arrow, layout_basic, shapermc_ecumenical_altar_gd
D:2:      layout_loops_corners
D:3:      layout_basic, gup_sewer_entry_bubbles
D:4:      layout_basic, hangedman_feature_mirror, lemuel_another_geyser

Skill      XL: |  1  2  3  4  5 |
---------------+----------------+-----
Armour         | 4 5 |  5.0
Shields        | 4 |  4.8
Fighting       | 4 |  4.7
Maces & Flails | 3 4 |  4.0

Action                   |  1- 3 |  4- 6 || total
-------------------------+-------+-------++-------
Melee: Flail             |    86 |   141 ||   227
       Headbutt          |    16 |    18 ||    34
Armor: Scale mail        |    35 |    92 ||   127
Dodge: Dodged            |    33 |    87 ||   120
Block: Buckler           |    12 |    51 ||    63

Table legend: (Time is in decaauts)
 A = Elapsed time spent in this place.
 B = Non-inter-level travel time spent in this place.
 C = Inter-level travel time spent in this place.
 D = Time resting spent in this place.
 E = Time spent auto-exploring this place.
 F = Levels seen in this place.
 G = Mean time per level.
                   A        B        C        D        E       F      G
               +--------+--------+--------+--------+--------+-----+--------+
         Total |   3968 |   3876 |     92 |    163 |   2818 |   5 |  793.6 |
       Dungeon |   3007 |   2915 |     92 |    163 |   2098 |   4 |  751.8 |
         Sewer |    961 |    961 |      0 |      0 |    720 |   1 |  961.0 |
               +--------+--------+--------+--------+--------+-----+--------+

Top non-repeatable levels by time:
     D:3: 1063 daAuts
   Sewer: 961 daAuts
     D:2: 953 daAuts
     D:1: 731 daAuts
     D:4: 259 daAuts
